 Dungeon Crawl Stone Soup version 0.18.1-6-gd335043 (webtiles) character file.

4519 mistymad the Cleaver (level 10, -8/91 HPs)
             Began as a Minotaur Berserker on May 16, 2016.
             Was a High Priest of Trog.
             Mangled by a wolf spider (9 damage)
             ... on level 8 of the Dungeon.
             The game lasted 00:29:00 (7914 turns).

mistymad the Cleaver (Minotaur Berserker)           Turns: 7914, Time: 00:29:01

Health: -8/91      AC: 13    Str: 25    XL:     10   Next: 17%
Magic:  9/9        EV: 13    Int:  1    God:    Trog [*****.]
Gold:   433        SH:  0    Dex: 11    Spells: 0 memorised, 9 levels left

rFire  . . .     SeeInvis .     G - +0 war axe
rCold  . . .     Gourm    .     I - +0 scale mail (curse)
rNeg   . . .     Faith    .     (no shield)
rPois  .         Spirit   .     (helmet unavailable)
rElec  .         Dismiss  .     m - +1 cloak {+Inv}
rCorr  .         Reflect  .     u - +1 pair of gloves
SustAt .         Harm     .     (no boots)
MR     ++...     Rnd*Rage +     (no amulet)
Stlth  .......... Rnd*Tele +    (no ring)
                                (no ring)

@: lethally poisoned (-8 -> -13), regenerating, very resistant to hostile
enchantments, extremely unstealthy
A: retaliatory headbutt, horns 3, berserk 1, dopey 2, strong 1, teleportitis 1,
MP-powered wands
a: Berserk, Trog's Hand, Brothers in Arms, Burn Spellbooks, Renounce Religion,
Evoke Invisibility


You were on level 8 of the Dungeon.
You worshipped Trog.
Trog was extremely pleased with you.
You were hungry.

You visited 2 branches of the dungeon, and saw 10 of its levels.

You collected 433 gold pieces.

Inventory:

Hand Weapons
 G - a +0 war axe (weapon)
Armour
 m - a +1 cloak of invisibility (worn)
 u - a +1 pair of gloves (worn)
 F - the +2 robe of Happiness {rCorr Int+4, unknown}
   (You found it on level 8 of the Dungeon)

   It affects your intelligence (+4).
   It protects you from acid and corrosion.
 H - a +0 leather armour of poison resistance
 I - a cursed +0 scale mail (worn)
Wands
 a - a wand of flame (29/48)
 p - a wand of confusion (10/48)
Scrolls
 b - a scroll of recharging {unknown}
 e - 5 scrolls of teleportation {unknown}
 f - a scroll of amnesia {unknown}
 g - a scroll of random uselessness {unknown}
 l - a scroll of blinking {unknown}
 n - a scroll of magic mapping {unknown}
 o - 5 scrolls of remove curse {unknown}
 q - 4 scrolls of noise {unknown}
 r - 2 scrolls of enchant weapon {unknown}
 s - a scroll of fog {unknown}
 t - a scroll of enchant armour {unknown}
 v - 11 scrolls of identify {unknown}
 D - a scroll of holy word {unknown}
Potions
 h - 2 potions of flight {unknown}
 j - 3 potions of ambrosia {unknown}
 w - 2 potions of mutation {unknown}
 x - a potion of invisibility {unknown}
 z - a potion of resistance {unknown}
 A - 3 potions of curing {unknown}
 B - a potion of brilliance {unknown}
 C - a potion of might {unknown}
 E - a potion of heal wounds {unknown}
Books
 y - a book of Battle

   Spells                             Type                      Level
   a - Infusion                       Charms                       1
   b - Shroud of Golubria             Charms/Translocation         2
   c - Song of Slaying                Charms                       2
   d - Spectral Weapon                Hexes/Charms                 3
   e - Regeneration                   Charms/Necromancy            3
   Trog disapproves of the use of such an item.
Comestibles
 c - 8 bread rations
 d - 3 beef jerkies
 i - a royal jelly
 k - 6 meat rations


   Skills:
 + Level 9.0 Fighting
 + Level 11.2 Axes
 + Level 8.5 Armour
 + Level 7.8 Dodging


You had 9 spell levels left.
You didn't know any spells.

Dungeon Overview and Level Annotations

Branches:
Dungeon (9/15)             Temple (1/1) D:4
   Lair: D:8-11         Orc: D:9-12

Altars:
Ashenzari
Cheibriados
Dithmenos
Fedhas
Gozag
Kikubaaqudgha
Makhleb
Nemelex Xobeh
Okawaru
Pakellas
Qazlal
Ru
Trog
Vehumet
Xom
Yredelemnul
Zin
The Shining One


Innate Abilities, Weirdness & Mutations

You reflexively headbutt those who attack you in melee.
You have a pair of large horns on your head.
You tend to lose your temper in combat.
You are very dopey. (Int -4)
Your muscles are strong. (Str +2)
You are occasionally teleported next to monsters.
You expend magic power (3 MP) to strengthen your wands.


Message History

The vampire mosquito bites you but does no damage.
The wolf spider hits you. The wolf spider bites you.
Your skin crawls.
You feel resistant to hostile enchantments.
You feel slightly more hungry.
You feel very sick.
The vampire mosquito closely misses you.
The wolf spider hits you!
* * * LOW HITPOINT WARNING * * *
The wolf spider completely misses you. The vampire mosquito bites you!
* * * LOW HITPOINT WARNING * * *
* * * LOW HITPOINT WARNING * * *
You feel very sick.
* * * LOW HITPOINT WARNING * * *
You feel sick.
* * * LOW HITPOINT WARNING * * *
You feel very sick. The wolf spider closely misses you.
You furiously retaliate!
You headbutt the wolf spider! The wolf spider bites you!
You die...

.......####.#
#....'....#
............#
#....######
.......######
#....#
#####.##
#....# # #.#
#....# # #.#
#...8# # #.#
#'####
#####.#
#(...#
...##.##
#@...#.......
...#...#
#sy..#NC.....
...#...#
#C)..#.......
...#...#
#a...#.......
.......#
#....#.......
...#####
#..lN#Yol..§.
...#
#....#≈Z.....
##.#
#....a..Z....
#<#
#############


You could see a frost giant, a salamander stormcaller, a wolf spider, a vampire
mosquito, an iguana and 2 worker ants.

Vanquished Creatures
  Erica (D:8)
  Pikel (D:4)
  Sigmund (D:4)
  A hungry ghost (D:8)
  Duvessa (D:7)
  An orc warrior (D:5)
  3 sky beasts
  2 black bears
  4 ogres
  A wasp (D:7)
  An ice beast (D:8)
  3 centaurs
  A big kobold (D:4)
  2 giant frogs
  Dowan (D:7)
  A scorpion (D:4)
  A water moccasin skeleton (D:5)
  A killer bee (D:5)
  2 howler monkeys (D:4)
  2 crimson imps
  2 jellies
  2 quasits
  2 giant frog skeletons
  4 hounds
  2 orc priests
  Crazy Yiuf (D:2)
  2 centaur skeletons
  3 orc wizards
  4 iguanas
  12 worker ants
  Ijyb (D:2)
  A killer bee zombie (D:5)
  2 hound skeletons
  A howler monkey skeleton (D:4)
  3 gnolls (D:7)
  11 adders
  2 shadow imps
  An ooze (D:1)
  An adder zombie (D:6)
  2 worms
  2 dart slugs
  2 giant geckos
  13 orcs
  2 ball pythons
  A giant cockroach (D:4)
  6 goblins
  9 hobgoblins
  8 jackals
  2 quokkas (D:2)
  13 bats
  A giant gecko skeleton (D:5)
  3 giant newts
  A jackal skeleton (D:4)
  26 kobolds
  2 quokka skeletons
  5 rats
  5 plants (D:4)
191 creatures vanquished.

Vanquished Creatures (others)
  A giant frog skeleton (D:4)
  4 jackals (D:4)
  A jackal skeleton (D:4)
6 creatures vanquished.

Grand Total: 197 creatures vanquished

Notes
Turn   | Place    | Note
--------------------------------------------------------------
     0 | D:1      | mistymad the Minotaur Berserker began the quest for the Orb.
     0 | D:1      | Reached XP level 1. HP: 19/19 MP: 0/0
    75 | D:1      | Reached skill level 4 in Axes
    75 | D:1      | Reached XP level 2. HP: 19/27 MP: 1/1
    96 | D:1      | You fall through a shaft!
   548 | D:1      | Reached ** piety under Trog
   626 | D:1      | Reached XP level 3. HP: 33/33 MP: 2/2
   819 | D:2      | Noticed Ijyb
   826 | D:2      | Killed Ijyb
   925 | D:2      | Noticed Crazy Yiuf
   930 | D:2      | Killed Crazy Yiuf
   930 | D:2      | Reached XP level 4. HP: 40/40 MP: 3/3
  1151 | D:2      | Found a bloodstained altar of Trog.
  1293 | D:2      | Reached skill level 5 in Axes
  1927 | D:3      | Found a glowing silver altar of Zin.
  2209 | D:3      | Reached XP level 5. HP: 45/47 MP: 4/4
  2255 | D:3      | Found a shadowy altar of Dithmenos.
  2312 | D:3      | Reached *** piety under Trog
  2340 | D:3      | Found a blossoming altar of Fedhas.
  2480 | D:3      | Found a snail-covered altar of Cheibriados.
  2544 | D:3      | Noticed an ogre
  2550 | D:3      | Killed an ogre
  2656 | D:4      | Reached skill level 6 in Axes
  2656 | D:4      | Reached XP level 6. HP: 46/55 MP: 5/5
  2677 | D:4      | Found a staircase to the Ecumenical Temple.
  2721 | D:4      | Noticed Sigmund
  2722 | D:4      | Reached skill level 5 in Fighting
  2732 | D:4      | Killed Sigmund
  2732 | D:4      | Reached XP level 7. HP: 61/61 MP: 6/6
  2743 | D:4      | Noticed Pikel
  2768 | D:4      | Killed Pikel
  2768 | D:4      | Reached skill level 7 in Axes
  2768 | D:4      | Reached skill level 5 in Armour
  2805 | Temple   | Entered the Ecumenical Temple
  3028 | D:4      | Reached skill level 8 in Axes
  3028 | D:4      | Reached XP level 8. HP: 70/70 MP: 7/7
  3097 | D:4      | Found a shimmering altar of Xom.
  3206 | D:4      | Reached skill level 5 in Dodging
  3219 | D:4      | Reached **** piety under Trog
  4013 | D:5      | Entered Level 5 of the Dungeon
  4084 | D:5      | Gained mutation: You are dopey. (Int -2) [mutagenic meat]
  4085 | D:5      | Gained mutation: You evolve. [mutagenic meat]
  4086 | D:5      | Gained mutation: Your body sometimes deteriorates upon taking damage. [mutagenic meat]
  4087 | D:5      | Gained mutation: You expend magic power (3 MP) to strengthen your wands. [mutagenic meat]
  4088 | D:5      | Gained mutation: Your muscles are strong. (Str +2) [mutagenic meat]
  4089 | D:5      | Gained mutation: You tend to lose your temper in combat. [mutagenic meat]
  4099 | D:5      | Reached skill level 9 in Axes
  4329 | D:5      | Lost intelligence.
  4329 | D:5      | Gained mutation: You are very dopey. (Int -4) [mutagenic meat]
  4332 | D:5      | Gained mutation: You have a pair of large horns on your head. [mutagenic meat]
  4333 | D:5      | Lost mutation: Your body sometimes deteriorates upon taking damage. [mutagenic meat]
  4913 | D:5      | Gained mutation: You are occasionally teleported next to monsters. [evolution]
  4913 | D:5      | Lost mutation: You evolve. [end of evolution]
  5008 | D:5      | Reached XP level 9. HP: 79/79 MP: 8/8
  5509 | D:6      | Reached skill level 10 in Axes
  5737 | D:6      | Found an opulent altar of Gozag.
  6886 | D:7      | Reached ***** piety under Trog
  6964 | D:7      | Noticed Dowan
  6965 | D:7      | Noticed Duvessa
  6976 | D:7      | Killed Duvessa
  6983 | D:7      | Killed Dowan
  7219 | D:8      | Got a steaming robe
  7231 | D:8      | Identified the +1 robe of the Failed Coup {rF+ Int+2} (You found it on level 8 of the Dungeon)
  7334 | D:8      | Reached skill level 11 in Axes
  7357 | D:8      | Noticed Erica
  7376 | D:8      | Killed Erica
  7376 | D:8      | Reached XP level 10. HP: 26/90 MP: 9/9
  7831 | D:8      | Got a smoking robe
  7898 | D:8      | Noticed a frost giant
  7898 | D:8      | Noticed a salamander stormcaller
  7898 | D:8      | Noticed a wolf spider
  7912 | D:8      | HP: 3/91 [poisoned by a wolf spider]
  7914 | D:8      | HP: 1/91 [poisoned by a wolf spider]
  7914 | D:8      | Mangled by a wolf spider

Skill      XL: |  1  2  3  4  5  6  7  8  9 10 |
---------------+-------------------------------+-----
Axes           | 4 5 6 8 9 11 | 11.2
Fighting       | 4 5 6 7 8 9 |  9.0
Armour         | 3 4 5 6 8 |  8.5
Dodging        | 3 4 5 7 |  7.8

Action                   |  1- 3 |  4- 6 |  7- 9 | 10-12 || total
-------------------------+-------+-------+-------+-------++-------
Melee: Hand axe          |    50 |    98 |   342 |       ||   490
       Headbutt          |     7 |    22 |   100 |     4 ||   133
       War axe           |       |       |    76 |    16 ||    92
Invok: Berserk           |     2 |     1 |     8 |       ||    11
       Trog's Hand       |       |       |     5 |     1 ||     6
       Burn Spellbooks   |       |       |     1 |       ||     1
 Stab: Sleeping          |       |     1 |       |       ||     1
  Eat: Chunk             |     1 |     7 |    31 |     3 ||    42
       Pizza             |       |       |     1 |       ||     1
       Meat ration       |       |       |     1 |       ||     1
Armor: Animal skin       |    11 |    29 |    70 |       ||   110
       Leather armour    |       |       |    27 |       ||    27
       Scale mail        |       |       |       |    14 ||    14
Dodge: Dodged            |    34 |    65 |   264 |    10 ||   373
